 Dungeon Crawl Stone Soup version 0.22-a0-348-gd16d139 (webtiles) character file.

12070 iamserjio the Nimble (level 11, -3/78 HPs)
             Began as an Octopode Monk on Apr 10, 2018.
             Was an Initiate of Gozag.
             Slain by a two-headed ogre
             ... wielding a +0 giant club
              (16 damage)
             ... on level 11 of the Dungeon.
             The game lasted 01:13:18 (15129 turns).

iamserjio the Nimble (Octopode Monk)               Turns: 15129, Time: 01:13:18

Health: -3/78      AC:  1    Str: 10    XL:     11   Next: 87%
Magic:  0/32       EV: 20    Int: 14    God:    Gozag
Gold:   974        SH: 10    Dex: 17    Spells: 10/10 levels left

rFire    . . .     SeeInvis .   l - +0 dagger (venom)
rCold    . . .     Gourm    .   B - +0 shield
rNeg     + . .     Faith    .   (helmet restricted)
rPois    .         Spirit   +   g - amulet of guardian spirit
rElec    .         Reflect  .   m - ring of magical power
rCorr    .         Harm     .   u - ring of magical power
MR       .....                  y - ring of positive energy
Stlth    +++++.....             (no ring)
HPRegen  0.23/turn              (no ring)
MPRegen  0.23/turn              (no ring)
                                (no ring)
                                (no ring)

@: no status effects
A: almost no armour, stealthy swim, amphibious, 8 rings, constrict 8, camouflage
1, gelatinous body 1
a: Potion Petition, Call Merchant, Bribe Branch, Renounce Religion


You were on level 11 of the Dungeon.
You worshipped Gozag.
Gozag was pleased with you.
You were not hungry.

You visited 3 branches of the dungeon, and saw 14 of its levels.

You collected 2126 gold pieces.
You paid 1152 gold pieces to Gozag.

Inventory:

Hand Weapons
 a - a +0 scimitar
 l - a +0 dagger of venom (weapon)
 q - a +1 dagger of electrocution
 K - a +4 dagger
Missiles
 k - 331 stones (quivered)
 z - 18 tomahawks
Armour
 B - a +0 shield (worn)
Jewellery
 g - an amulet of guardian spirit (around mantle)
 m - a ring of magical power (left tentacle)
 u - a ring of magical power (right tentacle)
 y - a ring of positive energy (on tentacle)
 E - a +4 amulet of reflection {unknown}
Wands
 s - a wand of flame (28)
Scrolls
 c - 2 scrolls of enchant weapon {unknown}
 h - 8 scrolls of remove curse
 i - a scroll of acquirement {unknown}
 r - 2 scrolls of magic mapping {unknown}
 t - a scroll of blinking {unknown}
 x - a scroll of fear {unknown}
 A - 2 scrolls of random uselessness {unknown}
 J - a scroll of holy word {unknown}
 L - a scroll of fog
Potions
 d - 2 potions of brilliance
 n - 2 potions of heal wounds
 o - 4 potions of curing
 p - a potion of resistance
 v - 2 potions of cancellation {unknown}
 C - a potion of might {unknown}
 D - 2 potions of flight
 F - 2 potions of lignification
Miscellaneous
 H - a lamp of fire (inert)
 I - a crystal ball of energy
Comestibles
 b - 12 rations


   Skills:
 + Level 8.6 Fighting
 + Level 7.3 Long Blades
 + Level 11.8 Dodging
 + Level 9.2 Stealth
 + Level 6.6 Shields
 + Level 4.9 Evocations


You had 10 spell levels left.
You didn't know any spells.

Dungeon Overview and Level Annotations

Branches:
Dungeon (12/15)            Temple (1/1) D:5            Lair (0/6) D:11
    Orc (1/2) D:10

Altars:
Ashenzari
Cheibriados
Dithmenos
Elyvilon
Fedhas
Gozag
Hepliaklqana
Kikubaaqudgha
Makhleb
Nemelex Xobeh
Okawaru
Qazlal
Ru
Sif Muna
Trog
Uskayaw
Vehumet
Wu Jian
Xom
Yredelemnul
Zin
The Shining One

Annotations:
D:11 exclusion: oklob plant
Orc:1 Fannar


Innate Abilities, Weirdness & Mutations

You cannot wear most types of armour.
You are very stealthy in the water. (Stealth+)
You are amphibious.
You can wear up to eight rings at the same time.
You can use your tentacles to constrict eight enemies at once.
Your skin changes colour to match your surroundings (Stealth+).
Your rubbery body absorbs attacks. (AC +1, EV +1)


Message History

Aiming: Throw Flame
Press: ? - help, Shift-Dir - straight line, f - two-headed ogre
Aim: a two-headed ogre, wielding two giant clubs (severely wounded, poisoned)
The puff of flame hits the two-headed ogre.
The two-headed ogre is severely wounded.
The two-headed ogre looks more healthy.
You hit the two-headed ogre.
The two-headed ogre is almost dead.
The two-headed ogre hits you with a giant club!!
* * * LOW HITPOINT WARNING * * *
The two-headed ogre completely misses you.
You hit the two-headed ogre but do no damage.
The two-headed ogre is poisoned.
You squeeze the two-headed ogre, but do no damage.
The two-headed ogre is almost dead.
The two-headed ogre hits you with a giant club!
* * * LOW HITPOINT WARNING * * *
The two-headed ogre hits you with a giant club!!
You die...
Your body crumbles into a pile of gold.

...##....'..######............#
.####....##'#.................#
..#...........................#
..#..............#####........#
..'..............# #........#
..#......#######.# #........#
..#......# #.# #........#
..#......# #.# #........#
###....### #@# #........#
.......# #O# #........#
#####..#########.# #........#
#............# #........#
#............# #.########
#............#####.#
#####..(...............#
..............##########
..............#


You could see a two-headed ogre.

Vanquished Creatures
  5 two-headed ogres
  An ugly thing (D:10)
  A cyclops (D:10)
  A manticore (D:10)
  A slime creature (D:8)
  A hippogriff (D:11)
  A meliai zombie (D:11)
  A spriggan (D:7)
  5 yaks
  A basilisk (D:11)
  Menkaure (D:5)
  A warg (Orc:1)
  An ice beast (D:8)
  6 sky beasts
  A phantom (D:4)
  A black bear (D:7)
  3 necrophages
  10 orc warriors
  4 ogres
  5 centaurs
  10 bullfrogs
  A wyvern skeleton (D:8)
  5 scorpions
  8 killer bees
  9 wights
  2 bullfrog zombies
  4 crimson imps
  2 centaur zombies
  4 hounds
  3 bullfrog skeletons
  9 orc wizards
  9 orc priests
  A jelly (D:9)
  A centaur skeleton (D:7)
  4 iguanas
  5 worker ants
  2 killer bee zombies
  2 hound zombies
  A hound skeleton (D:4)
  5 adders
  4 gnolls (D:3)
  A shadow imp (D:6)
  2 oozes
  3 adder skeletons
  2 worms (D:2)
  3 dart slugs
  8 leopard geckos
  49 orcs
  5 bat zombies (D:9)
  5 giant cockroaches
  10 hobgoblins
  17 jackals
  12 kobolds
  5 quokkas
  2 ball pythons
  9 bats
  4 frilled lizards
  6 goblins
  A jackal skeleton (D:7)
  A quokka skeleton (D:4)
  3 rats
  A rat zombie (D:9)
291 creatures vanquished.

Vanquished Creatures (others)
  A wizard (D:10)
  3 withered plants (D:11)
4 creatures vanquished.

Grand Total: 295 creatures vanquished

Notes
Turn   | Place    | Note
-------+----------+-------------------------------------------
     0 | D:1      | iamserjio the Octopode Monk began the quest for the Orb.
     0 | D:1      | Reached XP level 1. HP: 16/16 MP: 1/1
    52 | D:1      | Reached XP level 2. HP: 10/21 MP: 2/2
   790 | D:1      | Reached XP level 3. HP: 16/26 MP: 3/3
  1285 | D:2      | Found a bloodstained altar of Trog.
  1867 | D:2      | Reached XP level 4. HP: 27/33 MP: 4/4
  2946 | D:3      | Found a burning altar of Makhleb.
  2966 | D:3      | Reached skill level 4 in Dodging
  2966 | D:3      | Reached XP level 5. HP: 28/37 MP: 5/5
  3051 | D:3      | Found a white marble altar of Elyvilon.
  3697 | D:4      | Noticed a phantom
  3726 | D:4      | Killed a phantom
  3726 | D:4      | Reached skill level 5 in Stealth
  3726 | D:4      | Reached XP level 6. HP: 28/44 MP: 6/6
  3949 | D:4      | Reached skill level 5 in Fighting
  3957 | D:4      | Reached skill level 5 in Dodging
  4319 | D:4      | Reached XP level 7. HP: 50/50 MP: 7/7
  4553 | D:5      | Entered Level 5 of the Dungeon
  4570 | D:5      | Reached skill level 6 in Dodging
  4612 | D:5      | Found a sacrificial altar of Ru.
  4612 | D:5      | Found a glowing silver altar of Zin.
  4619 | D:5      | Found a staircase to the Ecumenical Temple.
  4629 | Temple   | Entered the Ecumenical Temple
  4727 | Temple   | Became a worshipper of Gozag Ym Sagoz the Greedy
  4796 | D:5      | Found a sacrificial altar of Ru.
  5054 | D:5      | Noticed Menkaure
  5061 | D:5      | Killed Menkaure
  5061 | D:5      | Reached skill level 7 in Dodging
  5096 | D:5      | Reached XP level 8. HP: 55/55 MP: 8/8
  5717 | D:6      | Reached skill level 8 in Dodging
  5960 | D:6      | Found a basalt altar of Yredelemnul.
  5997 | D:6      | Reached skill level 9 in Dodging
  6167 | D:6      | Reached XP level 9. HP: 60/60 MP: 9/9
  6453 | D:7      | Noticed a dagger
  6453 | D:7      | Noticed a dagger
  6456 | D:7      | Found a hide-covered altar of Uskayaw.
  6743 | D:7      | Reached skill level 1 in Shields
  7109 | D:7      | Reached skill level 10 in Dodging
  7572 | D:7      | Found a snail-covered altar of Cheibriados.
  8175 | D:8      | Found a deep blue altar of Sif Muna.
  8442 | D:8      | Found a sand-covered staircase.
  8494 | D:8      | Noticed a two-headed ogre
  8577 | D:8      | Reached XP level 10. HP: 37/67 MP: 10/10
  8730 | D:8      | Killed a two-headed ogre
  8730 | D:8      | Reached skill level 11 in Dodging
  9307 | D:8      | Noticed a two-headed ogre
  9624 | D:8      | Killed a two-headed ogre
  9624 | D:8      | Reached skill level 5 in Long Blades
 10176 | D:9      | Noticed a two-headed ogre
 10204 | D:9      | Killed a two-headed ogre
 10204 | D:9      | Reached skill level 5 in Shields
 10204 | D:9      | Reached skill level 1 in Evocations
 10459 | D:9      | Found an ancient bone altar of Kikubaaqudgha.
 10496 | D:9      | Noticed a two-headed ogre
 10501 | D:9      | Killed a two-headed ogre
 10501 | D:9      | Reached XP level 11. HP: 74/74 MP: 12/12
 10985 | D:10     | Entered Level 10 of the Dungeon
 10985 | D:10     | Noticed a catoblepas
 10985 | D:10     | Noticed a manticore
 11560 | D:10     | Found a staircase to the Orcish Mines.
 11771 | D:10     | Noticed a cyclops
 11778 | D:10     | Killed a cyclops
 11845 | D:10     | Killed a manticore
 12485 | D:11     | Noticed a two-headed ogre
 12763 | Orc:1    | Entered Level 1 of the Orcish Mines
 13080 | Orc:1    | Noticed Fannar
 13237 | D:10     | Killed a two-headed ogre
 13660 | D:11     | Noticed a cyan ugly thing
 13673 | D:11     | Noticed a six-headed hydra
 14211 | D:11     | Noticed a red ugly thing
 14232 | D:10     | Found a bloodstained altar of Trog.
 14253 | D:10     | Killed a red ugly thing
 14300 | D:10     | Noticed a wizard
 14302 | D:10     | Killed a wizard
 14574 | D:12     | Noticed a purple ugly thing
 14590 | D:11     | Noticed an oklob plant
 14699 | D:11     | Found a staircase to the Lair.
 14733 | D:11     | Noticed a manticore
 15023 | D:11     | Noticed a two-headed ogre
 15129 | D:11     | Slain by a two-headed ogre

Vault maps used:
D:1:      onia_arrival_mini_spirals, minmay_crystal_room
D:2:      nicolae_overflow_crystal_walls
D:3:      lightli_temple_of_fire, lemuel_crystal_altar
D:4:      minmay_misc_feat_more_columns
D:5:      gammafunk_temple_overflow_elements, minmay_temple_entry_mist,
          first_ration, nicolae_ru_great_annihilating_truth, uniq_menkaure
D:6:      marbit_many_paths, uniq_pikel
D:7:      dancing_weapons_uskayaw, cheibrodos_worm_habitat, the_bakery,
          hangedman_glass_teeth
D:8:      nicolae_ossuary_entry_ruins, st_stairs_6, lemuel_blue_sif_altar
D:9:      lemuel_zombie_altar_kikubaaqudgha
D:10:     nzn_motion_control, david_orc_4, trog_wizard
D:11:     david_lair_generic, serial_undead, serial_undead_c, serial_undead_e,
          serial_undead_a, serial_undead_c, basic_altar, lemuel_oklob_altar,
          uniq_maurice
D:12:     serial_shops, shop, minivault_19
Temple:   dshaligram_water_room_temple
Orc:1:    basic_altar, uniq_fannar

Skill      XL: |  1  2  3  4  5  6  7  8  9 10 11 |
---------------+----------------------------------+-----
Stealth        | 3 4 5 6 8 9 |  9.2
Fighting       | 4 5 6 7 8 |  8.6
Dodging        | 4 5 7 9 10 11 | 11.8
Shields        | 3 5 6 |  6.6
Long Blades    | 4 6 7 |  7.3
Evocations     | 2 4 |  4.9

Action                   |  1- 3 |  4- 6 |  7- 9 | 10-12 || total
-------------------------+-------+-------+-------+-------++-------
Melee: Falchion          |    52 |       |       |       ||    52
       Constrict         |    23 |    29 |    43 |    68 ||   163
       Tentacles         |    22 |    26 |    53 |   117 ||   218
       Quarterstaff      |    23 |    24 |       |       ||    47
       Dagger            |       |   109 |   259 |   514 ||   882
       Scimitar          |       |       |       |    10 ||    10
Throw: Stone             |       |       |     1 |     2 ||     3
Invok: Potion Petition   |       |       |       |     4 ||     4
Evoke: Wand              |       |       |       |     2 ||     2
       Lamp of fire      |       |       |       |     1 ||     1
  Use: Potion            |     1 |       |       |     3 ||     4
       Scroll            |       |     7 |     4 |     5 ||    16
 Stab: Sleeping          |     9 |    14 |    24 |    16 ||    63
       Paralysed         |       |       |     1 |       ||     1
       Distracted        |       |       |     2 |     2 ||     4
  Eat: Chunk             |     2 |     8 |     1 |       ||    11
       Ration            |       |       |     4 |     6 ||    10
Armor: Skin              |     5 |     6 |     4 |    11 ||    26
Dodge: Dodged            |    48 |    94 |   169 |   303 ||   614
Block: Shield            |       |       |    47 |   180 ||   227
       Rpst.: Falchion   |    10 |       |       |       ||    10
       Scimitar          |       |       |       |     1 ||     1

Table legend:
 A = Spawn XP
 B = Non-spawn XP
 C = Spawn XP percentage of total XP
 D = Spawn monster count
 E = Non-spawn monster count
 F = Spawn count percentage of total count
 G = Total turns spent on level
                    A         B        C        D         E        F      G
               +---------+---------+-------+---------+---------+-------+---------
         Total |       0 |   17244 |   0.0 |       0 |     291 |   0.0 | 15129
               +---------+---------+-------+---------+---------+-------+---------
           D:1 |       0 |      35 |   0.0 |       0 |      21 |   0.0 |  1165
           D:2 |       0 |      73 |   0.0 |       0 |      28 |   0.0 |  1466
           D:3 |       0 |     141 |   0.0 |       0 |      26 |   0.0 |   826
           D:4 |       0 |     595 |   0.0 |       0 |      20 |   0.0 |  1096
           D:5 |       0 |     403 |   0.0 |       0 |      18 |   0.0 |   749
           D:6 |       0 |    1185 |   0.0 |       0 |      28 |   0.0 |   955
           D:7 |       0 |    1399 |   0.0 |       0 |      33 |   0.0 |  1708
           D:8 |       0 |    3469 |   0.0 |       0 |      26 |   0.0 |  2059
           D:9 |       0 |    3093 |   0.0 |       0 |      27 |   0.0 |  1078
          D:10 |       0 |    5250 |   0.0 |       0 |      43 |   0.0 |  2982
          D:11 |       0 |    1095 |   0.0 |       0 |      12 |   0.0 |   655
         Orc:1 |       0 |     506 |   0.0 |       0 |       9 |   0.0 |   281
               +---------+---------+-------+---------+---------+-------+---------
